 Dungeon Crawl Stone Soup version 0.31.0-12-g77e489cdc1 (webtiles) character file.

Game seed: 4736946221900198025

6218 H0rd4k the Martial Artist (level 10, -2/65 HPs)
             Began as an Octopode Artificer on Feb 29, 2024.
             Was an Initiate of Gozag.
             Slain by a kobold demonologist
             ... wielding a +1 trident of flaming
              (7 damage)
             ... on level 9 of the Dungeon.
             The game lasted 00:16:28 (8935 turns).

H0rd4k the Martial Artist (Octopode Artificer)      Turns: 8935, Time: 00:16:29

Health: -2/65      AC:  1    Str: 12    XL:     10   Next: 92%
Magic:  17/17      EV: 18    Int: 18    God:    Gozag
Gold:   471        SH:  0    Dex: 12    Spells: 18/18 levels left

rFire   + .          .
                       - Unarmed
rCold   . . .        (no shield)
rNeg    . . .        (helmet restricted)
rPois   .            y - amulet of Vitality {RegenMP++ Regen++}
rElec   .            m - +5 ring of evasion
rCorr   +            i - ring of protection from fire
SInv    +            l - ring of resist corrosion
Will    .....        J - ring of see invisible
Stlth   +++          (no ring)
HPRegen 1.90/turn    (no ring)
MPRegen 0.95/turn    (no ring)
                     (no ring)

%: no passive effects
@: no status effects
A: almost no armour, amphibious, 8 rings, camouflage 1, gelatinous body 1,
(nimble swimmer 1), tentacles
a: Renounce Religion, Potion Petition, Call Merchant, Bribe Branch


You were on level 9 of the Dungeon.
You worshipped Gozag.
Gozag was aware of your devotion.
You visited 2 branches of the dungeon, and saw 10 of its levels.

You collected 1299 gold pieces.
You spent 770 gold pieces at shops.
You paid 58 gold pieces to Gozag.

Inventory:

Hand Weapons
 x - a +1 dagger of draining
 C - a +1 dagger of holy wrath
Missiles
 f - 6 poisoned darts
Jewellery
 i - a ring of protection from fire (right tentacle)
 l - a ring of resist corrosion (on tentacle)
 m - a +5 ring of evasion (left tentacle)
 y - the amulet of Vitality (around mantle) {RegenMP++ Regen++}
   (You found it on level 5 of the Dungeon)

   [amulet of magic regeneration]

   RegenMP:   It increases your rate of magic regeneration.
   Regen++:   It increases your rate of health regeneration.
 I - the macabre finger necklace {Finger+ rN+}
   (You bought it in a shop on level 3 of the Dungeon)

   [amulet of nothing]

   Finger+:   It enables you to equip an extra ring.
   rN+:       It protects you from negative energy.
 J - a ring of see invisible (on tentacle)
Talismans
 w - a maw talisman
Wands
 c - a wand of charming (4)
 d - a wand of iceblast (1)
 z - a wand of paralysis (6)
 B - a wand of roots (34)
Scrolls
 a - 2 scrolls of immolation
 g - a scroll of poison
 j - a scroll of blinking
 p - a scroll of vulnerability
 q - 2 scrolls of fog
 r - 4 scrolls of enchant armour
 s - 4 scrolls of teleportation
 G - a scroll of fear
 L - a scroll of revelation
Potions
 e - a potion of haste {unknown}
 h - 3 potions of ambrosia {unknown}
 k - a potion of attraction {unknown}
 n - 6 potions of curing {unknown}
 o - 2 potions of mutation {unknown}
 t - a potion of cancellation {unknown}
 u - a potion of might {unknown}
 v - 4 potions of heal wounds {unknown}
 A - 2 potions of berserk rage {unknown}
 D - 2 potions of brilliance {unknown}
 E - a potion of magic {unknown}
 F - a potion of lignification {unknown}


   Skills:
 + Level 4.5 Fighting
 + Level 2.4 Short Blades
 - Level 2.3 Dodging
 - Level 1.3 Stealth
 + Level 12.8 Unarmed Combat
 * Level 4.6 Spellcasting
 - Level 3.2 Evocations
 * Level 5.4 Shapeshifting


You had 18 spell levels left.
You didn't know any spells.
Your spell library contained the following spells:

 Spells                   Type           Power      Damage    Failure   Level
 Cigotuvi's Dreadful Rot  Necr/Alch/Air  8%         N/A       22%         2
 Dazzling Flash           Conj/Hex       8%         N/A       38%         3
 Inner Flame              Hex/Fire       4%         N/A       38%         3
 Volatile Blastmotes      Fire/Tloc      8%         2d10      38%         3
 Flame Wave               Conj/Fire      4%         2d5       80%         4
 Ignite Poison            Fire/Alch      4%         N/A       80%         4
 Sticky Flame             Fire/Alch      4%         2d4       80%         4
 Vhi's Electric Charge    Tloc/Air       8%         N/A       80%         4
 Arcjolt                  Conj/Air       2%         1d12      98%         5
 Freezing Cloud           Conj/Ice/Air   2%         6-21      98%         5
 Starburst                Conj/Fire      2%         6d3       100%        6
 Maxwell's Capacitive Co  Air            2%         ∞         100%        8


Dungeon Overview and Level Annotations

Branches:
Dungeon (9/15)             Temple (1/1) D:5
   Lair: D:8-11         Orc: D:9-12

Altars:
Ashenzari
Cheibriados
Dithmenos
Elyvilon
Fedhas
Gozag
Hepliaklqana
Kikubaaqudgha
Makhleb
Nemelex Xobeh
Okawaru
Qazlal
Ru
Sif Muna
Uskayaw
Vehumet
Wu Jian
Yredelemnul
Zin
The Shining One
Jiyva

Shops:
D:3 =:[   D:4 =[   D:9 *

Annotations:
D:3 3 runed translucent doors, exclusion: 3 doors, riffraff's ghost, amateur AtFi
D:5 Dowan; Duvessa
D:6 exclusion: sky beast
D:7 exclusions: downstairs and troll
D:8 3 runed translucent doors, exclusion: 3 doors


Innate Abilities, Weirdness & Mutations

You cannot wear most types of armour.
You are amphibious.
You can wear up to eight rings at the same time.
Your skin changes colour to match your surroundings (Stealth+).
Your rubbery body absorbs attacks. (AC +1, EV +1)
((You are camouflaged when in or above water. (Stealth+)))
You have tentacles for arms and can constrict up to eight enemies at once.


Message History

The helpless troll fails to defend itself.
You bludgeon the troll!
You kill the troll!
You now have 471 gold pieces (gained 18).
The kobold demonologist gestures wildly while chanting.
The sixfirhy is distracted by your dazzling golden aura.
Aiming: Iceblast
Press: ? - help, Shift-Dir - straight line, f - kobold demonologist
Aim: a kobold demonologist, wielding a +1 trident of flaming, wearing a +0 robe and wearing a ring of fire The mass of ice explodes!
The iceblast engulfs the kobold demonologist!
The kobold demonologist is frozen!
The kobold demonologist is moderately wounded.
The iceblast engulfs the sixfirhy!!
The sixfirhy is heavily wounded.
The sixfirhy is no longer distracted by gold.
You hear a shout!
The kobold demonologist mumbles some strange words.
You closely miss the kobold demonologist.
You grab the kobold demonologist. You squeeze the kobold demonologist!
The kobold demonologist is heavily wounded.
You constrict the kobold demonologist.
The kobold demonologist mumbles some strange words.
You tentacle-slap the kobold demonologist.
Your tentacle-slap misses the kobold demonologist.
The kobold demonologist is severely wounded.
You constrict the kobold demonologist.
The kobold demonologist closely misses you.
You tentacle-slap the kobold demonologist.
You squeeze the kobold demonologist.
The kobold demonologist is almost dead.
You constrict the kobold demonologist, but do no damage.
The sixfirhy hits you! The sixfirhy shocks you! The sixfirhy hits you!
The sixfirhy shocks you! The sixfirhy hits you!
* * * LOW HITPOINT WARNING * * *
The sixfirhy shocks you!
* * * LOW HITPOINT WARNING * * *
The kobold demonologist hits you with a +1 trident of flaming!
You die...
Your body crumbles into a pile of gold.

.#<#####..#)[#..#####
.#.#......#$.#......#
.#.#......#$$#......#
##.#..#####$$#####..#
...#......#..#......#
>### .....#..#....).#
.# ####..#..#..#####
.# ......#..#...3..#
.# ......#..#..@K3.#
.# ..#####..#####..#
.# #..#C.....# .#
#..#T.....# .#
#..#..##### .#
#..#K.# [# #..#..# .#
#.)# .' '####
###..########


You could see a kobold demonologist, a sixfirhy (summoned) and a neqoxec
(summoned).

Vanquished Creatures
  Maurice (D:8)
  2 trolls
  2 hornets (D:9)
  5 yaks (D:9)
  A vampire (D:8)
  A wyvern (D:8)
  A wraith (D:9)
  An acid dragon (D:9)
  An orc warrior (D:9)
  A sky beast (D:7)
  A black bear (D:5)
  An ice beast (D:7)
  2 ogres (D:5)
  6 centaurs
  A phantom (D:7)
  A kobold brigand (D:9)
  A bullfrog (D:6)
  2 gnoll sergeants
  11 wights (D:9)
  A scorpion (D:7)
  5 killer bees
  2 electric eels (D:9)
  A bombardier beetle (D:4)
  A gnoll bouda (D:6)
  4 hounds
  13 orc priests
  6 jellies
  2 iguanas
  Terence (D:3)
  14 orc wizards
  A killer bee zombie (D:7)
  A howler monkey zombie (D:7)
  8 gnolls
  7 adders
  A shadow imp (D:8)
  4 ufetubi
  A dart slug (D:1)
  2 ribbon worms (D:3)
  30 orcs
  3 bats
  3 endoplasms
  8 giant cockroaches
  7 goblins
  4 hobgoblins
  3 jackals (D:1)
  10 ball pythons
  3 frilled lizards
  4 kobolds
  7 rats
199 creatures vanquished.

Vanquished Creatures (collateral kills)
  A killer bee (D:8)
  An orc (D:5)
2 creatures vanquished.

Vanquished Creatures (others)
  An ogre (D:5)
  A bullfrog (D:8)
  A killer bee (D:8)
  An electric eel (D:9)
  A hound (D:5)
  An orc wizard (D:5)
  An adder (D:5)
7 creatures vanquished.

Grand Total: 208 creatures vanquished

Notes
Turn   | Place    | Note
-------+----------+-------------------------------------------
     0 | D:1      | H0rd4k the Octopode Artificer began the quest for the Orb.
     0 | D:1      | Reached XP level 1. HP: 13/13 MP: 1/1
   123 | D:1      | Reached skill level 1 in Unarmed Combat
   123 | D:1      | Reached XP level 2. HP: 18/18 MP: 2/2
   670 | D:1      | Reached skill level 2 in Unarmed Combat
  1076 | D:2      | Reached XP level 3. HP: 22/23 MP: 3/3
  1744 | D:3      | Found a blossoming altar of Fedhas.
  1772 | D:3      | Found a runed translucent gate.
  1772 | D:3      | Found a runed translucent gate.
  1819 | D:3      | Found a faded altar of an unknown god.
  1945 | D:3      | Found Jinuor's Armour Shoppe.
  1978 | D:3      | Reached skill level 3 in Unarmed Combat
  2103 | D:3      | Found Loko Ann's Book Shop.
  2117 | D:3      | Reached XP level 4. HP: 22/28 MP: 4/4
  2208 | D:3      | Noticed Terence
  2218 | D:3      | Killed Terence
  2320 | D:3      | Found Hizuud's Jewellery Boutique.
  2465 | D:3      | Found a runed translucent gate.
  2467 | D:3      | Identified the +4 ring mail "Epracaph" {Stlth+}
  2468 | D:3      | Noticed riffraff's ghost (amateur AtFi)
  2470 | D:3      | Identified the +0 leather armour of the Vaults {Regen+
                  | Str+2 Int+3}
  2677 | D:4      | Reached skill level 4 in Unarmed Combat
  2677 | D:4      | Reached XP level 5. HP: 31/33 MP: 5/5
  2854 | D:4      | Found Yduhe's Jewellery Boutique.
  3012 | D:4      | Found Itimioze's Armour Boutique.
  3033 | D:4      | Reached skill level 5 in Unarmed Combat
  3256 | D:4      | Reached XP level 6. HP: 39/39 MP: 6/6
  3269 | D:4      | Found a hide-covered altar of Uskayaw.
  3288 | D:4      | Identified the +0 leather armour "Ahuful" {rF++ Slay+2}
  3738 | D:5      | Entered Level 5 of the Dungeon
  3762 | D:5      | Found the amulet of Vitality {RegenMP++ Regen++}
  3817 | D:5      | Reached skill level 6 in Unarmed Combat
  3817 | D:5      | Reached skill level 1 in Shapeshifting
  3993 | D:5      | Reached XP level 7. HP: 13/45 MP: 7/7
  4276 | D:5      | Found a staircase to the Ecumenical Temple.
  4285 | D:5      | Reached skill level 1 in Short Blades
  4304 | Temple   | Entered the Ecumenical Temple
  4312 | Temple   | Became a worshipper of Gozag Ym Sagoz the Greedy
  4356 | D:5      | Reached skill level 7 in Unarmed Combat
  4511 | D:5      | Noticed Duvessa
  4511 | D:5      | Noticed Dowan
  4842 | D:6      | Reached XP level 8. HP: 34/51 MP: 8/8
  5122 | D:6      | Reached skill level 8 in Unarmed Combat
  5451 | D:6      | Found a shimmering blue altar of Sif Muna.
  5708 | D:7      | Found a shadowy altar of Dithmenos.
  5873 | D:7      | Found a basalt altar of Yredelemnul.
  5909 | D:7      | Reached skill level 1 in Spellcasting
  5922 | D:7      | Found a glowing silver altar of Zin.
  5924 | D:7      | Found a glowing golden altar of the Shining One.
  5926 | D:7      | Found a white marble altar of Elyvilon.
  6013 | D:7      | Reached skill level 9 in Unarmed Combat
  6017 | D:7      | Found a hazy altar of Hepliaklqana.
  6096 | D:7      | Found a sacrificial altar of Ru.
  6367 | D:7      | Noticed a troll
  6479 | D:8      | Noticed Maurice
  6480 | D:8      | Noticed a troll
  6574 | D:8      | Killed Maurice
  6575 | D:8      | Reached XP level 9. HP: 57/57 MP: 10/12
  6625 | D:8      | Found a runed translucent gate.
  6626 | D:8      | Found a runed translucent gate.
  6627 | D:8      | Found a runed translucent gate.
  6708 | D:8      | Reached skill level 10 in Unarmed Combat
  6812 | D:8      | Killed a troll
  7009 | D:8      | Found a broken altar of Ashenzari.
  7028 | D:8      | Found a stormy altar of Qazlal.
  7033 | D:8      | Noticed a red ugly thing
  7034 | D:8      | Noticed a brown ugly thing
  7035 | D:8      | Noticed a purple ugly thing
  7035 | D:8      | Noticed a purple ugly thing
  7036 | D:8      | Noticed a brown ugly thing
  7088 | D:8      | Found a viscous altar of Jiyva.
  7096 | D:8      | Reached skill level 11 in Unarmed Combat
  7431 | D:3      | Bought the macabre finger necklace {Finger+ rN+} for 560
                  | gold pieces
  7431 | D:3      | Found the macabre finger necklace {Finger+ rN+}
  7431 | D:3      | Bought a ring of see invisible for 210 gold pieces
  7677 | D:9      | Reached XP level 10. HP: 63/63 MP: 15/15
  7760 | D:9      | Found Mucutt's Overcharged Wands.
  8024 | D:9      | Found a sparkling altar of Nemelex Xobeh.
  8027 | D:9      | Found an iron altar of Okawaru.
  8225 | D:9      | Reached skill level 12 in Unarmed Combat
  8340 | D:9      | Reached skill level 5 in Shapeshifting
  8548 | D:9      | Noticed a kobold demonologist
  8549 | D:9      | Noticed a cyclops
  8930 | D:9      | Noticed a sixfirhy
  8935 | D:9      | Slain by a kobold demonologist

Illustrated notes

Levels and vault maps discovered:
D:1:      roderic_dead_forest, layout_basic
D:2:      layout_basic
D:3:      layout_basic, fedhas_ov_isle_minmay, serial_shops, shop, shop_statue,
          nicolae_shop_tiny_real_fake_doors, biasface_ghost_orc_armoury,
          basic_ecumenical_altar, supply_closet_lemuel, uniq_terence
D:4:      layout_gridville, lemuel_tele_altar, serial_shops, shop,
          kennysheep_mini, st_stairs_8
D:5:      layout_basic, minmay_temple_entry_junction_2, nicolae_letterblocks
          [nicolae_letter_subblock, nicolae_letter_subblock,
          nicolae_letter_subblock, nicolae_letter_subblock,
          nicolae_letter_subblock, nicolae_letter_subblock,
          nicolae_letter_subblock, nicolae_letter_subblock,
          nicolae_letter_subblock, nicolae_letter_subblock,
          nicolae_letter_subblock, nicolae_letter_subblock,
          nicolae_letter_subblock, nicolae_letter_subblock,
          nicolae_letter_subblock, nicolae_letter_subblock,
          nicolae_letter_subblock, nicolae_letter_subblock,
          nicolae_letter_subblock, nicolae_letter_subblock,
          nicolae_letter_subblock, nicolae_letter_subblock,
          nicolae_letter_subblock, nicolae_letter_subblock,
          nicolae_letter_subblock], uniq_duvessa
D:6:      layout_loops_ring, overflow_temple_1_default
D:7:      layout_loops_ring, good_gods_temple_1, mainiacjoe_overflow_24_doors,
          nicolae_ru_path_of_blood, mainiacjoe_overflow_chevrons,
          lemuel_zombie_altar_yredelemnul, serial_library_hellmonk_h_bend
D:8:      layout_cave_pools, general_overflow_altar,
          mainiacjoe_overflow_six_doors_small,
          ploomutoo_gammafunk_ghost_potion_laboratory, jiyva_altar_1,
          uniq_maurice
D:9:      kennysheep_windowed_halls, layout_basic,
          mainiacjoe_overflow_catwalk_spiral, nicolae_shop_overcharged_wands
Temple:   hellmonk_temple_two_chambers

Skill      XL: |  1  2  3  4  5  6  7  8  9 10 |
---------------+-------------------------------+-----
Unarmed Combat | 1 2 3 4 5 6 7 9 11 12 | 12.8
Shapeshifting  | 1 2 3 4 5 |  5.4
Fighting       | 2 3 4 |  4.5
Short Blades   | 1 2 |  2.4
Spellcasting   | 2 3 4 |  4.6
Dodging        | |  2.3
Stealth        | |  1.3
Evocations     | |  3.2

Action                     |  1- 3 |  4- 6 |  7- 9 | 10-12 || total
---------------------------+-------+-------+-------+-------++-------
  Melee: Unarmed           |    94 |   102 |   233 |   154 ||   583
         Tentacles         |    20 |    23 |    57 |    42 ||   142
         Constrict         |    23 |    23 |    45 |    25 ||   116
         Punch             |       |     8 |    19 |    12 ||    39
         Dagger            |       |     2 |       |       ||     2
  Evoke: Wand              |       |     7 |    28 |    11 ||    46
    Use: Scroll            |       |       |     8 |     2 ||    10
   Stab: Sleeping          |    12 |     5 |     5 |     1 ||    23
         Paralysed         |       |       |    10 |    13 ||    23
 Armour: Skin              |    28 |    32 |    89 |    51 ||   200
  Dodge: Dodged            |    56 |    86 |   164 |   112 ||   418
